 Dungeon Crawl Stone Soup version 0.23-a0-143-g1adec7b (webtiles) character file.

13152 Amnesiac the Quickloader (level 11, -2/86 HPs)
             Began as a Mummy Hunter on Sept 1, 2018.
             Was a High Priest of Okawaru.
             Slain by an ogre
             ... wielding a +0 giant spiked club
              (13 damage)
             ... on level 10 of the Dungeon.
             The game lasted 00:22:38 (11983 turns).

Amnesiac the Quickloader (Mummy Hunter)            Turns: 11983, Time: 00:22:38

Health: -2/86      AC: 17    Str: 19    XL:     11   Next: 71%
Magic:  17/17      EV: 10    Int: 10    God:    Okawaru [*****.]
Gold:   397        SH:  0    Dex: 13    Spells: 10/10 levels left

rFire    x . .     SeeInvis .   a - +1 hand crossbow
rCold    + . .     Gourm    .   (no shield)
rNeg     + + +     Faith    .   e - +0 shadow dragon scales
rPois    ∞         Spirit   .   x - +0 helmet
rElec    .         Reflect  .   r - +0 cloak
rCorr    .         Harm     +   j - +0 pair of gloves
MR       ++...                  h - +0 pair of boots
Stlth    ++........             l - amulet of harm
HPRegen  0.24/turn              q - ring of protection from magic
MPRegen  0.15/turn              (no ring)

@: no status effects
A: no food or potions, fire vulnerability, cold resistance 1, negative energy
resistance 3, torment resistance, unbreathing
a: Heroism, Finesse, Renounce Religion


You were on level 10 of the Dungeon.
You worshipped Okawaru.
Okawaru was extremely pleased with you.
You were not hungry.

You visited 3 branches of the dungeon, and saw 12 of its levels.

You collected 671 gold pieces.
You spent 274 gold pieces at shops.

Inventory:

Hand Weapons
 a - a +1 hand crossbow (weapon)
 b - a +0 scimitar of electrocution
 D - a +2 scimitar of flaming
 G - a +2 whip of venom
Missiles
 d - 18 bolts (quivered)
Armour
 e - +0 shadow dragon scales (worn)
 h - a +0 pair of boots (worn)
 j - a +0 pair of gloves (worn)
 n - a scarf of cloud immunity
 r - a +0 cloak (worn)
 x - a +0 helmet (worn)
Jewellery
 l - an amulet of harm (around neck)
 q - a ring of protection from magic (left hand)
 F - an uncursed amulet of the gourmand {unknown}
Wands
 o - a wand of digging (10)
 u - a wand of acid (35)
 v - a wand of polymorph (12)
 z - a wand of random effects (51)
 C - a wand of flame (45)
 H - a wand of iceblast (10)
Scrolls
 c - a scroll of enchant weapon {!r}
 f - 5 scrolls of remove curse {!r}
 g - 7 scrolls of teleportation {!r}
 i - a scroll of blinking {!r}
 k - a scroll of fear {!r}
 m - 3 scrolls of amnesia {!r}
 p - 2 scrolls of enchant armour {!r}
 s - 6 scrolls of identify {!r}
 t - 4 scrolls of fog {!r}
 w - 2 scrolls of noise {!r}
 y - 6 scrolls of magic mapping {!r}
 A - a scroll of immolation {!r}
 B - a scroll of silence {!r}
Miscellaneous
 E - a phial of floods


   Skills:
 + Level 8.1 Fighting
 + Level 10.0 Crossbows
 + Level 6.0 Armour
 + Level 6.0 Dodging
 - Level 0.7 Stealth
 - Level 8.0 Invocations


You had 10 spell levels left.
You didn't know any spells.
Your spell library contained the following spells:

 Spells                   Type           Power        Failure   Level  Hunger
 Corona                   Hex            #......      98%         1    N/A
 Magic Dart               Conj           #...         98%         1    N/A
 Shock                    Conj/Air       #...         98%         1    N/A
 Blink                    Tloc           N/A          99%         2    N/A
 Call Imp                 Summ           #.......     99%         2    N/A
 Ensorcelled Hibernation  Hex/Ice        #.....       99%         2    N/A
 Slow                     Hex            #.......     99%         2    N/A
 Swiftness                Chrm/Air       #.......     99%         2    N/A
 Confuse                  Hex            #.......     100%        3    N/A
 Conjure Flame            Conj/Fire      #.......     100%        3    N/A
 Dazzling Spray           Conj/Hex       #.....       100%        3    N/A
 Mephitic Cloud           Conj/Pois/Air  #.......     100%        3    N/A
 Static Discharge         Conj/Air       #.......     100%        3    N/A
 Tukima's Dance           Hex            #.......     100%        3    N/A
 Airstrike                Air            #.........   100%        4    N/A
 Lightning Bolt           Conj/Air       #.........   100%        5    N/A

Dungeon Overview and Level Annotations

Branches:
Dungeon (10/15)            Temple (1/1) D:5            Lair (0/6) D:8
    Orc (1/2) D:10

Altars:
Ashenzari
Cheibriados
Dithmenos
Elyvilon
Fedhas
Gozag
Hepliaklqana
Kikubaaqudgha
Nemelex Xobeh
Okawaru
Qazlal
Ru
Sif Muna
Trog
Uskayaw
Vehumet
Wu Jian
Xom
Yredelemnul
Zin
The Shining One

Shops:
D:4 *   D:5 [(}?   D:10 *


Innate Abilities, Weirdness & Mutations

You do not eat or drink.
Your flesh is vulnerable to fire.
You are immune to poison.
Your flesh is cold resistant. (rC+)
You are immune to negative energy. (rN+++)
You are immune to unholy pain and torment.
You can survive without breathing.


Message History

The cyclops is almost dead.
The orc wizard hits you but does no damage.
Unknown command.
Firing (i - inventory)
d - 25 bolts (quivered)
Press: ? - help, Shift-Dir - straight line, f/p - cyclops
Aim: a cyclops (almost dead)
You shoot a bolt. The bolt hits the orc wizard.
The orc wizard is lightly wounded.
The orc wizard barely misses you.
The ogre hits you with a giant spiked club!
* * * LOW HITPOINT WARNING * * *
The orc wizard hits you but does no damage.
The cyclops hits you!
* * * LOW HITPOINT WARNING * * *
The orc wizard hits you but does no damage.
You climb upwards.
Welcome back to the Dungeon!
There is a staircase to the Orcish Mines here.
Firing (i - inventory)
d - 24 bolts (quivered)
Press: ? - help, Shift-Dir - straight line, f - cyclops
Aim: a cyclops (almost dead)
You shoot a bolt. The bolt hits the cyclops.
The cyclops is almost dead.
Firing (i - inventory)
d - 23 bolts (quivered)
Press: ? - help, Shift-Dir - straight line, f/p - cyclops
Aim: a cyclops (almost dead)
You shoot a bolt. The bolt hits the cyclops!
You kill the cyclops!
Okawaru accepts your kill.
Training target 6.0 for Armour reached!
Training target 6.0 for Dodging reached!
Your Armour skill increases to level 6!
Your Dodging skill increases to level 6!
You need to enable at least one skill for training.
The orc wizard hits you but does no damage.
Unknown command.
Firing (i - inventory)
d - 22 bolts (quivered)
Press: ? - help, Shift-Dir - straight line, f - orc wizard
Aim: an orc wizard, wielding a dagger and wearing a robe (lightly wounded, You shoot a bolt.
The bolt hits the orc wizard.
The orc wizard is heavily wounded.
The orc wizard hits you with a dagger.
* * * LOW HITPOINT WARNING * * *
Firing (i - inventory)
d - 21 bolts (quivered)
Press: ? - help, Shift-Dir - straight line, f/p - orc wizard
Aim: an orc wizard, wielding a dagger and wearing a robe (heavily wounded, You shoot a bolt.
The bolt hits the orc wizard.
The orc wizard is almost dead.
The orc wizard points at you and mumbles some strange words.
The magic dart hits you!
* * * LOW HITPOINT WARNING * * *
The orc wizard barely misses you.
Firing (i - inventory)
d - 20 bolts (quivered)
Press: ? - help, Shift-Dir - straight line, f/p - orc wizard
Aim: an orc wizard, wielding a dagger and wearing a robe (almost dead, fast)
You shoot a bolt. The bolt hits the orc wizard!!
You kill the orc wizard!
Okawaru accepts your kill.
Firing (i - inventory)
d - 19 bolts (quivered)
Press: ? - help, Shift-Dir - straight line, f - ogre
Aim: an ogre, wielding a giant spiked club You shoot a bolt.
The bolt hits the ogre.
The ogre is moderately wounded.
The ogre hits you with a giant spiked club!
You die...

≈≈≈≈##.................##........
#≈≈##..................##.#.#.#.#
([(.(............................
≈≈≈≈≈≈≈≈≈≈≈≈≈≈≈≈≈≈≈≈....).#.#.#.#
≈≈≈≈≈≈≈≈≈≈≈≈≈≈≈≈≈≈≈≈.####........
##################≈≈......#.#.#.#
..%............≈)#≈≈.##..........
...............###≈≈.##.#.#.#.#.#
......8).......O@#≈≈..#.#........
......)).......###≈≈....#.###...#
...............≈†#≈≈.##.#...<....
##################≈≈....#######.#
≈≈≈≈≈≈≈≈≈≈≈≈≈≈≈≈≈≈≈≈..#.........#
≈≈≈≈≈≈≈≈≈≈≈≈≈≈≈≈≈≈≈≈.####.....###
.....................###..#.#....
................%.....)).........
##################.######.#.#....


You could see an ogre.

Vanquished Creatures
  2 two-headed ogres (D:9)
  Erica (D:9)
  The ghost of vineage the Cleaver, a novice DDFi of Makhleb (D:8)
  An unseen horror (D:9)
  Pikel (D:6)
  An ugly thing (D:9)
  2 cyclopes (D:10)
  A queen bee (D:8)
  A hornet (D:6)
  Prince Ribbit (D:5)
  Sigmund (D:6)
  3 wraiths
  A steam dragon (D:9)
  Menkaure (D:5)
  3 wargs
  Duvessa (D:4)
  A hornet zombie (D:10)
  4 sky beasts
  12 orc warriors
  A black bear (D:9)
  A necrophage (D:9)
  5 ogres
  A phantom (D:7)
  3 centaurs
  Blork the orc (D:4)
  A big kobold (D:7)
  A bullfrog (D:8)
  2 scorpions
  Dowan (D:4)
  30 killer bees
  10 wights (D:10)
  8 howler monkeys
  4 electric eels (D:10)
  3 crimson imps
  2 quasits
  A bullfrog zombie (D:6)
  A hound (D:9)
  4 jellies
  Crazy Yiuf (D:4)
  14 orc wizards
  12 orc priests
  A bullfrog skeleton (D:9)
  An iguana (D:10)
  9 worker ants
  2 killer bee zombies
  A hound zombie (D:8)
  A worker ant zombie (D:7)
  7 adders
  4 shadow imps
  An ooze (D:1)
  3 adder zombies
  4 adder skeletons
  6 worms
  4 leopard geckos
  43 orcs
  3 ball pythons
  9 goblins
  6 hobgoblins
  10 jackals
  6 kobolds
  A quokka (D:4)
  10 bats
  4 frilled lizards
  A jackal zombie (D:5)
  A leopard gecko zombie (D:5)
  5 rats (D:3)
289 creatures vanquished.

Vanquished Creatures (others)
  An orc wizard (D:10)
1 creature vanquished.

Grand Total: 290 creatures vanquished

Notes
Turn   | Place    | Note
-------+----------+-------------------------------------------
     0 | D:1      | Amnesiac the Mummy Hunter began the quest for the Orb.
     0 | D:1      | Reached XP level 1. HP: 16/16 MP: 1/1
   236 | D:1      | Reached XP level 2. HP: 16/22 MP: 2/2
  1181 | D:2      | Reached XP level 3. HP: 18/28 MP: 3/3
  1455 | D:2      | You fall through a shaft!
  1476 | D:3      | Reached skill level 4 in Crossbows
  2181 | D:3      | Reached XP level 4. HP: 33/35 MP: 4/4
  2928 | D:4      | Found a shadowy altar of Dithmenos.
  2941 | D:4      | Noticed Blork the orc
  2962 | D:4      | Killed Blork the orc
  2962 | D:4      | Reached XP level 5. HP: 26/41 MP: 5/5
  3201 | D:4      | Found a snail-covered altar of Cheibriados.
  3206 | D:4      | Found a shattered altar of Ashenzari.
  3207 | D:4      | Found a white marble altar of Elyvilon.
  3208 | D:4      | Found a blossoming altar of Fedhas.
  3282 | D:4      | Reached skill level 5 in Crossbows
  3331 | D:4      | Noticed Dowan
  3348 | D:4      | Killed Dowan
  3395 | D:4      | Noticed Duvessa
  3516 | D:4      | Noticed an ogre
  3521 | D:4      | Killed an ogre
  3521 | D:4      | Reached XP level 6. HP: 48/48 MP: 6/6
  3576 | D:4      | Found a sacrificial altar of Ru.
  3576 | D:4      | Found a deep blue altar of Sif Muna.
  3621 | D:4      | Found Pocwout's General Store.
  3629 | D:4      | Bought a +0 pair of boots for 63 gold pieces
  3629 | D:4      | Bought a scarf of cloud immunity for 98 gold pieces
  3707 | D:4      | Killed Duvessa
  3707 | D:4      | Reached skill level 6 in Crossbows
  3768 | D:4      | Reached XP level 7. HP: 55/55 MP: 7/7
  4005 | D:4      | Found a runed door.
  4009 | D:4      | Noticed Crazy Yiuf
  4010 | D:4      | Killed Crazy Yiuf
  4271 | D:5      | Entered Level 5 of the Dungeon
  4273 | D:5      | You fall through a shaft for 3 floors!
  4273 | D:8      | Found a runed gate.
  4273 | D:8      | Found a runed gate.
  4273 | D:8      | Found a runed gate.
  4273 | D:8      | Noticed a wraith
  4273 | D:8      | Noticed a wraith
  4389 | D:5      | Noticed Prince Ribbit
  4413 | D:5      | Found a staircase to the Ecumenical Temple.
  4421 | D:5      | Reached skill level 5 in Fighting
  4427 | Temple   | Entered the Ecumenical Temple
  4451 | Temple   | Became a worshipper of Warmaster Okawaru
  4495 | D:5      | Killed Prince Ribbit
  4541 | D:5      | Reached skill level 7 in Crossbows
  4551 | D:5      | Reached * piety under Okawaru
  4553 | D:5      | Reached XP level 8. HP: 43/63 MP: 8/8
  4599 | D:5      | Found Taijyun's Antique Weapon Shop.
  4602 | D:5      | Noticed Menkaure
  4606 | D:5      | Killed Menkaure
  4732 | D:5      | Found Zokigrio's Armour Shop.
  4807 | D:5      | Found Fekojato's Magic Scroll Shop.
  4807 | D:5      | Found Eguniyf's Gadget Boutique.
  4847 | D:5      | Bought a scroll of fog for 24 gold pieces
  4847 | D:5      | Bought a scroll of magic mapping for 42 gold pieces
  4983 | D:6      | Noticed Sigmund
  4989 | D:6      | Killed Sigmund
  4996 | D:6      | Reached skill level 8 in Crossbows
  5143 | D:6      | Reached ** piety under Okawaru
  5230 | D:6      | Noticed Pikel
  5235 | D:6      | Noticed a hornet
  5268 | D:6      | Killed Pikel
  5268 | D:6      | Reached XP level 9. HP: 59/72 MP: 9/9
  5278 | D:6      | Reached skill level 9 in Crossbows
  5363 | D:6      | Found a sparkling altar of Nemelex Xobeh.
  5549 | D:6      | Found a hide-covered altar of Uskayaw.
  5733 | D:4      | Bought 17 bolts for 47 gold pieces
  5879 | D:7      | Reached *** piety under Okawaru
  6410 | D:8      | Noticed vineage's ghost (novice DDFi)
  6618 | D:8      | Reached skill level 10 in Crossbows
  6706 | D:8      | Found a staircase to the Lair.
  6716 | D:7      | Reached skill level 1 in Armour
  6781 | D:7      | Reached skill level 1 in Invocations
  6938 | D:8      | Reached **** piety under Okawaru
  6938 | D:8      | Received a gift from Okawaru
  7164 | D:8      | Reached XP level 10. HP: 69/80 MP: 12/12
  7260 | D:8      | Received a gift from Okawaru
  7442 | D:8      | Reached skill level 5 in Invocations
  7580 | D:8      | Killed vineage's ghost
  7976 | D:9      | Noticed a cyan ugly thing
  8388 | D:9      | Killed an unseen horror
  8388 | D:9      | Reached ***** piety under Okawaru
  8819 | D:9      | Noticed Erica
  8824 | D:9      | Killed Erica
  8926 | D:9      | Noticed a two-headed ogre
  8943 | D:9      | Killed a two-headed ogre
  8943 | D:9      | Reached XP level 11. HP: 64/86 MP: 17/17
  9183 | D:9      | Found an ornate altar of the Wu Jian Council.
  9315 | D:9      | Killed a cyan ugly thing
  9321 | D:9      | Noticed a two-headed ogre
  9330 | D:9      | Killed a two-headed ogre
  9638 | D:10     | Entered Level 10 of the Dungeon
 10117 | D:10     | Received a gift from Okawaru
 10252 | D:10     | Found Ogheyw's General Store.
 10944 | D:10     | Reached skill level 5 in Armour
 10944 | D:10     | Reached skill level 5 in Dodging
 11053 | D:10     | Received a gift from Okawaru
 11674 | D:10     | Found a sacrificial altar of Ru.
 11808 | D:10     | Found a staircase to the Orcish Mines.
 11957 | Orc:1    | Entered Level 1 of the Orcish Mines
 11960 | Orc:1    | Received a gift from Okawaru
 11983 | D:10     | Slain by an ogre

Vault maps used:
D:1:      dpeg_arrival_another_circle
D:3:      cheibrodos_greedy_goblins
D:4:      grunt_dithmenos_smoke, gammafunk_temple_overflow_wave, minitemple,
          serial_shops, shop, minmay_misc_feat_plants, uniq_duvessa,
          uniq_crazy_yiuf_cottage, uniq_blork_the_orc
D:5:      temple_fountains, first_ration, serial_shops, kennysheep_mini,
          nicolae_shop_overgrown_old_shop, nicolae_shop_statue_plus, shop,
          uniq_prince_ribbit1, uniq_menkaure
D:6:      minmay_diamond_boxcup, lemuel_coloured_pillars_altar,
          nemelex_xobeh_ov_fountains_minmay, uniq_sigmund, uniq_pikel
D:7:      serial_glass, glass_columns_a, glass_columns_c
D:8:      erik_lair_orcish_takeover, gammafunk_ghost_spectres, david_nohive_1
D:9:      nicolae_overflow_crystal_walls, uniq_erica
D:10:     erik_orc_2, serial_glass, glass_columns_a, glass_columns_a,
          glass_columns_c, glass_columns_c, basic_altar, serial_shops,
          kennysheep_mini_moat, minmay_orc_keep
Temple:   cyrus_circular_temple

Skill      XL: |  1  2  3  4  5  6  7  8  9 10 11 |
---------------+----------------------------------+-----
Crossbows      | 4 5 6 7 8 10 | 10.0
Fighting       | 3 4 5 7 8 |  8.1
Armour         | 1 3 6 |  6.0
Invocations    | 3 8 |  8.0
Dodging        | 3 6 |  6.0
Stealth        | |  0.7

Action                   |  1- 3 |  4- 6 |  7- 9 | 10-12 || total
-------------------------+-------+-------+-------+-------++-------
Melee: Short sword       |    17 |       |       |       ||    17
       Dagger            |   151 |       |       |       ||   151
       Spear             |    21 |    68 |       |       ||    89
       Quarterstaff      |       |       |    64 |       ||    64
       Whip              |       |       |    27 |   101 ||   128
       Scimitar          |       |       |       |    46 ||    46
 Fire: Hand crossbow     |     5 |    52 |   233 |   379 ||   669
Invok: Finesse           |       |       |       |     2 ||     2
Evoke: Wand              |       |       |       |     9 ||     9
  Use: Scroll            |     5 |     3 |     2 |     6 ||    16
Armor: Leather armour    |     5 |       |       |       ||     5
       Scale mail        |    34 |       |       |       ||    34
       Plate armour      |    58 |    46 |       |       ||   104
       Shadow dragon sca |       |     7 |   132 |   245 ||   384
Dodge: Dodged            |    61 |    14 |    73 |   209 ||   357
       Rpst.: Scimitar   |       |       |       |     7 ||     7

Table legend:
 A = Non-vault XP
 B = Vault XP
 C = Vault XP percentage of total XP
 D = Non-vault monster count
 E = Vault monster count
 F = Vault count percentage of total count
                 A         B        C        D         E       F
            +---------+---------+-------+---------+---------+-------
      Total |   11399 |    7390 |  39.3 |     210 |      80 |  27.6
            +---------+---------+-------+---------+---------+-------
        D:1 |      27 |       0 |   0.0 |      12 |       0 |   0.0
        D:2 |      25 |       0 |   0.0 |      13 |       0 |   0.0
        D:3 |      79 |      14 |  15.1 |      26 |       8 |  23.5
        D:4 |     277 |     364 |  56.8 |       8 |       4 |  33.3
        D:5 |     318 |     446 |  58.4 |      16 |       2 |  11.1
        D:6 |    1029 |     934 |  47.6 |      20 |       6 |  23.1
        D:7 |     636 |     359 |  36.1 |      16 |       2 |  11.1
        D:8 |     692 |    2915 |  80.8 |      19 |      27 |  58.7
        D:9 |    4235 |     897 |  17.5 |      22 |       1 |   4.3
       D:10 |    3920 |    1461 |  27.2 |      53 |      30 |  36.1
      Orc:1 |     161 |       0 |   0.0 |       5 |       0 |   0.0
            +---------+---------+-------+---------+---------+-------
